 Dungeon Crawl Stone Soup version 0.29-a0-830-gcb1280458a (webtiles) character file.

Game seed: 13725242417834204416

2581 masada555 the Slicer (level 9, -1/78 HPs)
             Began as a Minotaur Fighter on July 11, 2022.
             Was a Plaything of Xom.
             Succumbed to a hornet's poison
             ... while paralysed by a hornet
             ... on level 7 of the Dungeon.
             The game lasted 00:22:30 (6838 turns).

masada555 the Slicer (Minotaur Fighter)             Turns: 6838, Time: 00:22:31

Health: -1/78      AC: 15    Str: 28    XL:     9   Next: 32%
Magic:  8/8        EV:  2    Int:  5    God:    Xom [..*...]
Gold:   308        SH:  0    Dex: 13    Spells: 8/8 levels left

rFire   . . .      SeeInvis +   t - +2 scythe (distort)
rCold   . . .      Faith    .   (shield currently unavailable)
rNeg    . . .      Spirit   .   g - +0 plate armour
rPois   .          Reflect  .   (helmet restricted)
rElec   .          Harm     .   c - +0 cloak
rCorr   .          Rampage  .   (no gloves)
Will    .....                   d - +0 pair of boots
Stlth   ..........              (no amulet)
HPRegen 0.23/turn               w - +6 ring of strength
MPRegen 0.11/turn               r - ring of see invisible

@: paralysed, lethally poisoned (-1 -> -7), slowed
A: horns 2, retaliatory headbutt
a: Renounce Religion


You were on level 7 of the Dungeon.
You worshipped Xom.
You were a toy of Xom.
You visited 1 branch of the dungeon, and saw 7 of its levels.

You collected 308 gold pieces.

Inventory:

Hand Weapons
 e - a +0 club
 i - a +1 short sword
 j - a +4 dagger of chaos
 t - a +2 scythe of distortion (weapon)
 D - a +1 scimitar of flaming
 F - a +2 short sword
Missiles
 h - 39 poisoned darts (quivered)
 q - 2 throwing nets
 s - a curare-tipped dart
 x - 9 atropa-tipped darts
Armour
 c - a +0 cloak (worn)
 d - a +0 pair of boots (worn)
 g - a +0 plate armour (worn)
 A - a +0 kite shield
 E - +0 swamp dragon scales
Jewellery
 r - a ring of see invisible (right hand)
 w - a +6 ring of strength (left hand)
Wands
 C - a wand of iceblast (9)
Scrolls
 k - 3 scrolls of teleportation
 l - 2 scrolls of amnesia
 n - a scroll of noise
 u - a scroll of identify
 y - 2 scrolls of fog
Potions
 f - a potion of cancellation
 m - a potion of haste
 o - 2 potions of lignification
 p - a potion of brilliance
 v - 2 potions of magic
 z - a potion of mutation {unknown}
 B - a potion of heal wounds {unknown}


   Skills:
 - Level 6.4 Fighting
 - Level 8.8 Short Blades
 + Level 5.0 Polearms
 - Level 6.4 Armour
 - Level 6.3 Shields
 - Level 5.2 Unarmed Combat


You had 8 spell levels left.
You didn't know any spells.
Your spell library contained the following spells:

 Spells                   Type           Power      Damage    Failure   Level
 Foxfire                  Conj/Fire      0%         2x1d4     99%         1
 Sting                    Tmut/Pois      0%         1d3       99%         1
 Ensorcelled Hibernation  Hex/Ice        0%         N/A       100%        2
 Passwall                 Tmut/Erth      0%         N/A       100%        2
 Poisonous Vapours        Pois/Air       0%         N/A       100%        2
 Conjure Flame            Conj/Fire      0%         6-21      100%        3
 Inner Flame              Hex/Fire       0%         N/A       100%        3
 Swiftness                Air            0%         N/A       100%        3
 Flame Wave               Conj/Fire      0%         2d4       100%        4
 Hailstorm                Conj/Ice       0%         3d3       100%        4
 Ice Form                 Ice/Tmut       0%         N/A       100%        4
 Olgreb's Toxic Radiance  Pois           0%         N/A       100%        4
 Simulacrum               Ice/Necr       0%         N/A       100%        6


Dungeon Overview and Level Annotations

Branches:
Dungeon (7/15)             Temple (0/1) D:4

Altars:
Dithmenos
Hepliaklqana
Kikubaaqudgha
Makhleb
Nemelex Xobeh
Vehumet
Xom
Yredelemnul

Shops:
D:1 [


Innate Abilities, Weirdness & Mutations

You have a pair of horns on your head.
You reflexively headbutt those who attack you in melee.


Message History

The bolt of electricity hits you!
You reach to attack!
You miss the electric eel.
You reach to attack!
You closely miss the electric eel.
You reach to attack!
You barely miss the electric eel.
You reach to attack!
You hit the electric eel.
The electric eel is moderately wounded.
The electric eel blinks!
The electric eel shoots out a bolt of lightning at you!
The bolt of electricity hits you. x2
You hear an angry buzzing noise.
You reach to attack!
You slice the electric eel!!
You kill the electric eel!
Your Polearms skill increases to level 5!
A hornet comes into view.
The hornet buzzes angrily.
You closely miss the hornet. The hornet stings you!
You feel yourself slow down.
The hornet stings you but does no damage.
You closely miss the hornet. The hornet barely misses you.
The hornet stings you!
You emit a cloud of colourful smoke!
You feel as though you will be slow longer.
You are too injured to fight recklessly!
You barely miss the hornet. You headbutt the hornet.
The hornet is lightly wounded.
The hornet stings you!
* * * LOW HITPOINT WARNING * * *
You feel as though you will be slow longer.
The hornet stings you!
* * * LOW HITPOINT WARNING * * *
You are poisoned.
You suddenly lose the ability to move!
The hornet stings you.
* * * LOW HITPOINT WARNING * * *
You feel as though you will be slow longer.
You feel sick. The hornet stings you!
* * * LOW HITPOINT WARNING * * *
You feel as though you will be slow longer.
The hornet stings you but does no damage.
You die...
Xom laughs nastily!

#....# #...#
#.†<.# #...#
####.# #...+
#...#### #...+
#.......##...+
#.#####......#
#.≈≈≈≈≈#..#..#
.≈###≈§.....#
#≈≈≈≈≈#@###..#
#≈≈#≈≈§y.#
#... #≈
#≈≈....# ####
#≈≈.#### ≈≈≈≈.
≈###≈. . ≈≈.
....


You could see a hornet.

Vanquished Creatures
  Maggie (D:6)
  Sigmund (D:6)
  Eustachio (D:5)
  Menkaure (D:6)
  Duvessa (D:6)
  2 phantoms
  A centaur (D:5)
  2 necrophages (D:6)
  2 bullfrogs
  3 kobold brigands
  A gnoll sergeant (D:6)
  3 scorpions (D:4)
  4 wights (D:6)
  Dowan (D:6)
  An electric eel (D:7)
  A crimson imp (D:5)
  A hound (D:5)
  A jelly (D:5)
  2 iguanas
  An orc wizard (D:6)
  9 gnolls
  11 adders
  A shadow imp (D:5)
  A dart slug (D:2)
  10 orcs
  9 ball pythons
  6 endoplasms
  A giant cockroach (D:4)
  8 goblins
  7 hobgoblins
  4 jackals (D:3)
  6 quokkas
  8 bats
  2 frilled lizards (D:1)
  21 kobolds
  2 rats
137 creatures vanquished.

Vanquished Creatures (others)
  A white imp (D:6)
  9 fungi (D:4)
10 creatures vanquished.

Grand Total: 147 creatures vanquished

Notes
Turn   | Place    | Note
-------+----------+-------------------------------------------
     0 | D:1      | masada555 the Minotaur Fighter began the quest for the Orb.
     0 | D:1      | Reached XP level 1. HP: 19/19 MP: 0/0
   328 | D:1      | Reached XP level 2. HP: 17/27 MP: 1/1
   835 | D:1      | Found Avacot's Antique Armour Shoppe.
   968 | D:2      | Reached XP level 3. HP: 17/33 MP: 2/2
  1359 | D:2      | Reached XP level 4. HP: 16/41 MP: 3/3
  1752 | D:2      | Found a basalt altar of Yredelemnul.
  2122 | D:3      | Found a faded altar of an unknown god.
  2185 | D:3      | Found a hazy altar of Hepliaklqana.
  2415 | D:3      | Found an ancient bone altar of Kikubaaqudgha.
  2745 | D:4      | Found a staircase to the Ecumenical Temple.
  2887 | D:4      | Noticed a scorpion
  2897 | D:4      | Killed a scorpion
  2898 | D:4      | Reached XP level 5. HP: 43/47 MP: 4/4
  2959 | D:4      | Reached skill level 5 in Armour
  3164 | D:4      | Reached skill level 5 in Fighting
  3171 | D:4      | Reached skill level 5 in Shields
  3194 | D:4      | Reached XP level 6. HP: 24/56 MP: 5/5
  3671 | D:5      | Entered Level 5 of the Dungeon
  4080 | D:5      | Found a shimmering altar of Xom.
  4080 | D:5      | Found a burning altar of Makhleb.
  4090 | D:5      | Became a worshipper of Xom of Chaos
  4260 | D:5      | Reached XP level 7. HP: 34/62 MP: 6/6
  4482 | D:5      | Found a radiant altar of Vehumet.
  4596 | D:5      | XOM: silly message
  4786 | D:5      | Noticed Eustachio
  4794 | D:5      | Killed Eustachio
  4795 | D:5      | Reached skill level 5 in Unarmed Combat
  5036 | D:5      | XOM: silly message
  5065 | D:6      | Noticed Sigmund
  5075 | D:6      | Reached skill level 1 in Short Blades
  5080 | D:6      | XOM: potion effect (haste)
  5083 | D:6      | Killed Sigmund
  5084 | D:6      | Reached skill level 3 in Short Blades
  5084 | D:6      | Reached XP level 8. HP: 23/71 MP: 7/7
  5086 | D:6      | XOM: silly message
  5220 | D:6      | XOM: silly message
  5225 | D:6      | Reached skill level 4 in Short Blades
  5277 | D:6      | Found a sand-covered staircase.
  5282 | D:6      | Noticed Dowan
  5283 | D:6      | Noticed Duvessa
  5289 | D:6      | Killed Dowan
  5294 | D:6      | XOM: potion effect (berserk rage)
  5299 | D:6      | Killed Duvessa
  5300 | D:6      | Reached skill level 5 in Short Blades
  5366 | D:6      | XOM: potion effect (berserk rage)
  5379 | D:6      | Reached skill level 6 in Short Blades
  5465 | D:6      | Noticed Menkaure
  5466 | D:6      | XOM: enchant monster (bad)
  5469 | D:6      | XOM: cast spell 'Statue Form'
  5472 | D:6      | Killed Menkaure
  5625 | D:6      | Noticed Maggie
  5626 | D:6      | XOM: butterfly on damage
  5642 | D:6      | XOM: potion effect (might)
  5645 | D:6      | Killed Maggie
  5646 | D:6      | Reached skill level 8 in Short Blades
  5801 | D:6      | XOM: 2-stop teleportation journey
  5926 | D:6      | Reached XP level 9. HP: 62/78 MP: 8/8
  5938 | D:6      | XOM: smoke on damage
  6191 | D:6      | Found a shadowy altar of Dithmenos.
  6335 | D:6      | Found a sparkling altar of Nemelex Xobeh.
  6349 | D:6      | Reached skill level 1 in Polearms
  6375 | D:6      | XOM: noise
  6533 | D:6      | XOM: divination: detect creatures
  6567 | D:6      | XOM: 4-stop teleportation journey
  6832 | D:7      | Reached skill level 5 in Polearms
  6835 | D:7      | XOM: smoke on damage
  6836 | D:7      | Paralysed by a hornet for 3 turns
  6837 | D:7      | HP: 1/78 [hornet (8)]
  6838 | D:7      | Succumbed to a hornet's poison

Illustrated notes

Levels and vault maps discovered:
D:1:      lemuel_arrival_funnel, layout_rooms, serial_shops, shop
D:2:      layout_loops_ring, basic_altar
D:3:      wad_pebble_path, layout_loops_ring,
          nicolae_kikubaaqudgha_miasma_corner, nzn_hepliaklqana_mist_gate,
          hellmonk_ecumenical_altar_dog_temple, hex_tiny, minivault_11
D:4:      old_forge, layout_rooms, minmay_temple_entry_overgrown
D:5:      layout_loops_corners, grunt_temple_overflow_champion_of_chaos,
          fiery_altar_vehumet, uniq_eustachio
D:6:      layout_cave_pools, nicolae_dithmenos_through_a_glass_darkly,
          mainiacjoe_overflow_tiny_flanked,
          lightli_ossuary_entry_decrepit_ruins, uniq_sigmund, uniq_maggie,
          uniq_menkaure, uniq_duvessa
D:7:      cheibrodos_fertilizer, layout_rooms, mainiacjoe_overflow_swirl,
          mainiacjoe_overflow_brackets, minmay_crystal_water,
          minmay_misc_feat_room, chequers_arboretum, uniq_pikel

Skill      XL: |  1  2  3  4  5  6  7  8  9 |
---------------+----------------------------+-----
Shields        | 4 5 6 |  6.3
Fighting       | 4 5 6 |  6.4
Armour         | 4 5 6 |  6.4
Unarmed Combat | 3 4 5 |  5.2
Short Blades   | 3 8 |  8.8
Polearms       | 5 |  5.0

Action                   |  1- 3 |  4- 6 |  7- 9 || total
-------------------------+-------+-------+-------++-------
Melee: Club              |    38 |       |       ||    38
       Headbutt          |    14 |    34 |    39 ||    87
       Unarmed           |     2 |       |       ||     2
       Short sword       |    68 |   151 |       ||   219
       Dagger            |       |     5 |   154 ||   159
       Halberd           |       |       |    42 ||    42
  Use: Scroll            |       |     8 |     4 ||    12
       Potion            |       |     6 |     7 ||    13
Armor: Scale mail        |    62 |    80 |    59 ||   201
       Plate armour      |       |       |     8 ||     8
Dodge: Dodged            |    55 |    81 |    80 ||   216
Block: Buckler           |    30 |    35 |    14 ||    79
       Kite shield       |       |       |    20 ||    20

Table legend: (Time is in decaauts)
 A = Elapsed time spent in this place.
 B = Non-inter-level travel time spent in this place.
 C = Inter-level travel time spent in this place.
 D = Time resting spent in this place.
 E = Time spent auto-exploring this place.
 F = Levels seen in this place.
 G = Mean time per level.
                   A        B        C        D        E       F      G
               +--------+--------+--------+--------+--------+-----+--------+
         Total |   6868 |   6696 |    172 |      0 |   5387 |   7 |  981.1 |
       Dungeon |   6868 |   6696 |    172 |      0 |   5387 |   7 |  981.1 |
               +--------+--------+--------+--------+--------+-----+--------+

Top non-repeatable levels by time:
     D:6: 1688 daAuts
     D:5: 1407 daAuts
     D:2: 1138 daAuts
     D:1: 952 daAuts
     D:4: 917 daAuts
     D:3: 681 daAuts
     D:7: 81 daAuts
